 Dungeon Crawl Stone Soup version 0.26.1-11-gd32895ea62 (webtiles) character file.

Game seed: 16332400112558557779

11400 Crownlay the Frost Mage (level 11, 0/83 HPs)
             Began as a Gnoll Ice Elementalist on July 22, 2021.
             Was the Champion of Uskayaw.
             Succumbed to a killer bee's poison
             ... on level 10 of the Dungeon.
             The game lasted 00:32:32 (11648 turns).

Crownlay the Frost Mage (Gnoll Ice Elementalist)   Turns: 11648, Time: 00:32:33

Health: 0/83       AC:  7    Str: 12    XL:     11   Next: 77%
Magic:  20/23      EV: 16    Int: 24    God:    Uskayaw [******]
Gold:   932        SH:  0    Dex: 15    Spells: 15/26 levels left

rFire    . . .     SeeInvis .   r - +8 whip "Fumot" {vorpal, Int+4}
rCold    + . .     Faith    .   a - +0 kite shield
rNeg     . . .     Spirit   .   l - +2 robe {rF+}
rPois    .         Reflect  +   (no helmet)
rElec    .         Harm     .   (no cloak)
rCorr    .         Rampage  .   h - +0 pair of gloves
Will     .....                  I - +0 pair of boots
Stlth    +++.......             y - amulet "Qemuanafe" {Reflect +Inv SH+5 Stlth+}
HPRegen  0.23/turn              i - ring of ice
MPRegen  0.18/turn              (no ring)

@: confused, lethally poisoned (0 -> -15)
A: distributed training, fangs 1, strong nose
a: Renounce Religion, Evoke Invisibility, Stomp, Line Pass, Grand Finale


You were on level 10 of the Dungeon.
You worshipped Uskayaw.
Uskayaw was noncommittal.
You visited 2 branches of the dungeon, and saw 11 of its levels.
You also visited: Ossuary.

You collected 932 gold pieces.

Inventory:

Hand Weapons
 r - the +8 whip "Fumot" (weapon) {vorpal, Int+4}
   (You found it on level 4 of the Dungeon)

   It inflicts extra damage upon your enemies.
   It affects your intelligence (+4).
Missiles
 b - 8 boomerangs (quivered)
Armour
 a - a +0 kite shield (worn)
 h - a +0 pair of gloves (worn)
 l - a +2 robe of fire resistance (worn)
 I - a +0 pair of boots (worn)
Jewellery
 i - a ring of ice (left hand)
 y - the amulet "Qemuanafe" (around neck) {Reflect +Inv SH+5 Stlth+}
   (You found it in an ossuary)

   [amulet of reflection]

   It shields you and reflects attacks.
   It lets you turn invisible.
   It affects your SH (+5).
   It makes you more stealthy.
Wands
 C - a wand of acid (3)
 E - a wand of iceblast (10)
 H - a wand of flame (24)
Scrolls
 c - 10 scrolls of teleportation
 f - 3 scrolls of immolation
 g - 4 scrolls of fear
 n - 2 scrolls of random uselessness
 p - 6 scrolls of remove curse
 s - 4 scrolls of amnesia
 x - a scroll of silence
 z - a scroll of enchant weapon
 B - a scroll of blinking
 D - a scroll of holy word
 G - a scroll of acquirement
Potions
 d - 2 potions of berserk rage
 e - a potion of flight
 j - a potion of mutation
 k - 2 potions of haste {unknown}
 m - 13 potions of curing
 o - 5 potions of lignification
 q - 5 potions of brilliance
 t - 2 potions of attraction {unknown}
 u - 6 potions of heal wounds
 v - a potion of ambrosia
 w - a potion of might
 A - a potion of cancellation
 F - 2 potions of magic {unknown}


   Skills:
 + Level 6.6 Fighting
 + Level 6.6 Short Blades
 + Level 6.6 Long Blades
 + Level 6.6 Axes
 + Level 6.6 Maces & Flails
 + Level 6.6 Polearms
 + Level 6.6 Staves
 + Level 6.6 Slings
 + Level 6.6 Bows
 + Level 6.6 Crossbows
 + Level 6.6 Throwing
 + Level 6.6 Armour
 + Level 8.1 Dodging
 + Level 7.9 Stealth
 + Level 6.6 Shields
 + Level 6.6 Unarmed Combat
 + Level 8.4 Spellcasting
 + Level 5.4 Conjurations
 + Level 5.4 Hexes
 + Level 5.4 Summonings
 + Level 5.4 Necromancy
 + Level 5.4 Translocations
 + Level 5.4 Transmutations
 + Level 5.4 Fire Magic
 + Level 9.1 Ice Magic
 + Level 5.4 Air Magic
 + Level 5.4 Earth Magic
 + Level 5.4 Poison Magic
 + Level 7.2 Invocations
 + Level 6.6 Evocations


You had 15 spell levels left.
You knew the following spells:

 Your Spells              Type           Power        Failure   Level
a - Freeze                Ice            100%         1%          1
b - Frozen Ramparts       Ice            100%         1%          3
c - Ozocubu's Armour      Ice            69%          1%          3
d - Summon Ice Beast      Ice/Summ       61%          9%          4

Your spell library contained the following spells:

 Spells                   Type           Power        Failure   Level
 Hailstorm                Conj/Ice       61%          9%          4


Dungeon Overview and Level Annotations

Branches:
Dungeon (10/15)            Temple (1/1) D:4             Orc (0/2) D:10
Ossuary (visited)
   Lair: D:8-11

Altars:
Ashenzari
Cheibriados
Dithmenos
Elyvilon
Fedhas
Gozag
Kikubaaqudgha
Makhleb
Ru
Sif Muna
Trog
Uskayaw
Zin
The Shining One

Shops:
D:6 **:

Annotations:
D:10 Erolcha


Innate Abilities, Weirdness & Mutations

Your experience applies equally to all skills.
You have very sharp teeth.
Your uncanny sense of smell can sniff out nearby items.


Message History

* * * LOW HITPOINT WARNING * * *
You are too confused!
Your icy armour will break if you move.
Continue?
You're too confused to move!
* * * LOW HITPOINT WARNING * * *
You feel sick.
The vampire is infused with unholy energy.
* * * LOW HITPOINT WARNING * * *
The vampire draws life force from you and is healed!
The killer bee closely misses you.
The killer bee stings you but does no damage.
Uskayaw prepares the audience for your solo!
Your icy armour will break if you move.
Continue? [Y]es or [N]o only, please.
Your icy armour will break if you move.
Continue?
Your icy armour cracks and falls away as you move.
* * * LOW HITPOINT WARNING * * *
You feel sick.
Unknown command.
You die...

........................
..###....................
.......................#
.........).....)........
.................).†....
..!.......(....#OyV#...
..........†...###.y##.#
........#...(.#.#....#.#
.......###......@......#
......#####.##....#.#.##
.........#..#...>######
.................#
................##
.......#..###.###
...........##..#
......#....#...#
......#....##.##


You could see a vampire (paralysed) and 2 killer bees.

Vanquished Creatures
  Pikel (D:7)
  A troll (D:9)
  Grinder (D:4)
  A wraith (D:10)
  12 yaks
  Sigmund (D:6)
  A wyvern (D:10)
  Menkaure (D:5)
  20 soldier ants (D:8)
  A water moccasin (D:6)
  Duvessa (D:3)
  5 ice beasts
  2 sky beasts
  2 orc warriors
  2 phantoms
  5 centaurs
  5 ogres
  A big kobold (D:7)
  6 bullfrogs
  Dowan (D:3)
  7 scorpions
  3 killer bees (D:10)
  5 wights (D:9)
  A howler monkey (D:10)
  2 bullfrog zombies (D:6)
  2 quasits
  2 centaur zombies
  5 hounds
  6 orc priests
  3 iguanas
  19 mummies (Ossuary)
  23 worker ants
  10 orc wizards
  A killer bee zombie (Ossuary)
  3 hound skeletons
  A worker ant zombie (Ossuary)
  A howler monkey zombie (D:5)
  7 gnolls
  11 adders
  A howler monkey skeleton (D:8)
  A shadow imp (D:9)
  3 white imps
  4 ufetubi
  3 oozes
  An adder skeleton (D:7)
  An adder zombie (Ossuary)
  2 worms (D:2)
  4 dart slugs
  5 leopard geckos
  40 orcs
  2 ball pythons
  6 bats
  6 giant cockroaches
  2 hobgoblins
  2 jackals (D:3)
  11 kobolds
  5 quokkas
  2 frilled lizards
  A giant cockroach zombie (Ossuary)
  10 goblins
  A goblin zombie (D:6)
  A jackal skeleton (D:5)
  A jackal zombie (Ossuary)
  2 leopard gecko skeletons
  2 leopard gecko zombies (Ossuary)
  A quokka zombie (D:9)
  7 rats
  A rat zombie (D:6)
310 creatures vanquished.

Vanquished Creatures (collateral kills)
  A queen ant (D:8)
  A worker ant (D:8)
2 creatures vanquished.

Vanquished Creatures (others)
  An orc (D:3)
  2 jackals (D:3)
  A rat (D:3)
  A withered plant (Ossuary)
5 creatures vanquished.

Grand Total: 317 creatures vanquished

Notes
Turn   | Place    | Note
-------+----------+-------------------------------------------
     0 | D:1      | Crownlay the Gnoll Ice Elementalist began the quest for the
                  | Orb.
     0 | D:1      | Reached XP level 1. HP: 13/13 MP: 6/6
   228 | D:1      | Reached XP level 2. HP: 16/19 MP: 7/7
   460 | D:1      | Found a snail-covered altar of Cheibriados.
   724 | D:1      | Reached XP level 3. HP: 25/25 MP: 9/9
   753 | D:1      | Reached skill level 5 in Spellcasting
   759 | D:1      | Learned a level 3 spell: Frozen Ramparts
   763 | D:1      | Learned a level 3 spell: Ozocubu's Armour
  1085 | D:2      | Reached skill level 1 in Invocations
  1204 | D:2      | Found an ancient bone altar of Kikubaaqudgha.
  1223 | D:2      | Reached skill level 1 in Fighting
  1223 | D:2      | Reached skill level 1 in Short Blades
  1223 | D:2      | Reached skill level 1 in Long Blades
  1223 | D:2      | Reached skill level 1 in Axes
  1223 | D:2      | Reached skill level 1 in Maces & Flails
  1223 | D:2      | Reached skill level 1 in Polearms
  1223 | D:2      | Reached skill level 1 in Staves
  1223 | D:2      | Reached skill level 1 in Slings
  1223 | D:2      | Reached skill level 1 in Bows
  1223 | D:2      | Reached skill level 1 in Crossbows
  1223 | D:2      | Reached skill level 1 in Throwing
  1223 | D:2      | Reached skill level 1 in Armour
  1223 | D:2      | Reached skill level 1 in Shields
  1223 | D:2      | Reached skill level 1 in Unarmed Combat
  1223 | D:2      | Reached skill level 1 in Evocations
  1477 | D:2      | Reached XP level 4. HP: 22/32 MP: 8/11
  2239 | D:3      | Reached skill level 1 in Conjurations
  2239 | D:3      | Reached skill level 1 in Hexes
  2239 | D:3      | Reached skill level 1 in Summonings
  2239 | D:3      | Reached skill level 1 in Necromancy
  2239 | D:3      | Reached skill level 1 in Translocations
  2239 | D:3      | Reached skill level 1 in Transmutations
  2239 | D:3      | Reached skill level 1 in Fire Magic
  2239 | D:3      | Reached skill level 1 in Air Magic
  2239 | D:3      | Reached skill level 1 in Earth Magic
  2239 | D:3      | Reached skill level 1 in Poison Magic
  2267 | D:3      | Reached XP level 5. HP: 27/37 MP: 6/12
  3164 | D:4      | Noticed Duvessa
  3164 | D:4      | Noticed Dowan
  3172 | D:4      | Noticed Grinder
  3180 | D:3      | Killed Duvessa
  3180 | D:3      | Killed Dowan
  3181 | D:3      | Reached skill level 5 in Dodging
  3181 | D:3      | Reached XP level 6. HP: 25/44 MP: 7/14
  3352 | D:4      | Paralysed by Grinder for 5 turns
  3369 | D:4      | Paralysed by Grinder for 5 turns
  3381 | D:4      | Paralysed by Grinder for 5 turns
  3390 | D:4      | Paralysed by Grinder for 4 turns
  3398 | D:4      | Killed Grinder
  3399 | D:4      | Reached XP level 7. HP: 5/51 MP: 0/15
  3698 | D:4      | Got a shimmering whip
  3903 | D:4      | Found a staircase to the Ecumenical Temple.
  3921 | Temple   | Entered the Ecumenical Temple
  3927 | Temple   | Became a worshipper of Uskayaw the Reveller
  3928 | Temple   | Identified the +8 whip "Fumot" {vorpal, Int+4} (You found
                  | it on level 4 of the Dungeon)
  3960 | D:4      | Reached * piety under Uskayaw
  3972 | D:4      | Reached ** piety under Uskayaw
  3973 | D:4      | Reached skill level 5 in Stealth
  4237 | D:4      | Reached *** piety under Uskayaw
  4240 | D:4      | Reached XP level 8. HP: 57/57 MP: 6/16
  4323 | D:4      | Found a shimmering blue altar of Sif Muna.
  4533 | D:5      | Entered Level 5 of the Dungeon
  4544 | D:5      | Noticed Menkaure
  4551 | D:5      | Killed Menkaure
  5240 | D:5      | Reached **** piety under Uskayaw
  5407 | D:5      | Found a glowing silver altar of Zin.
  5480 | D:5      | Reached XP level 9. HP: 65/65 MP: 18/18
  5930 | D:6      | Found a sand-covered staircase.
  5954 | Ossuary  | Entered an ossuary
  5992 | Ossuary  | Reached ***** piety under Uskayaw
  6015 | Ossuary  | Reached ****** piety under Uskayaw
  6059 | Ossuary  | Reached skill level 8 in Ice Magic
  6263 | Ossuary  | Got a glittering sapphire amulet
  6269 | Ossuary  | Identified the amulet "Qemuanafe" {Reflect +Inv SH+5
                  | Stlth+} (You found it in an ossuary)
  6481 | D:6      | Noticed Sigmund
  6492 | D:6      | Killed Sigmund
  6572 | D:6      | Found Rius's Book Shoppe.
  6601 | D:6      | Found Raqovaf's General Store.
  6830 | D:6      | Reached skill level 5 in Invocations
  7099 | D:6      | Found Fyemuyna's Assorted Antiques.
  7402 | D:7      | Reached XP level 10. HP: 67/73 MP: 20/20
  7412 | D:7      | Learned a level 4 spell: Summon Ice Beast
  7618 | D:7      | Found a sacrificial altar of Ru.
  7917 | D:7      | Noticed Pikel
  7923 | D:7      | Killed Pikel
  7924 | D:7      | Reached skill level 5 in Fighting
  7924 | D:7      | Reached skill level 5 in Short Blades
  7924 | D:7      | Reached skill level 5 in Long Blades
  7924 | D:7      | Reached skill level 5 in Axes
  7924 | D:7      | Reached skill level 5 in Maces & Flails
  7924 | D:7      | Reached skill level 5 in Polearms
  7924 | D:7      | Reached skill level 5 in Staves
  7924 | D:7      | Reached skill level 5 in Slings
  7924 | D:7      | Reached skill level 5 in Bows
  7924 | D:7      | Reached skill level 5 in Crossbows
  7924 | D:7      | Reached skill level 5 in Throwing
  7924 | D:7      | Reached skill level 5 in Armour
  7924 | D:7      | Reached skill level 5 in Shields
  7924 | D:7      | Reached skill level 5 in Unarmed Combat
  7924 | D:7      | Reached skill level 5 in Evocations
  8740 | D:8      | Noticed a queen ant
  8756 | D:8      | Killed a queen ant
  9162 | D:8      | Reached XP level 11. HP: 81/81 MP: 15/22
  9438 | D:8      | Reached skill level 5 in Conjurations
  9438 | D:8      | Reached skill level 5 in Hexes
  9438 | D:8      | Reached skill level 5 in Summonings
  9438 | D:8      | Reached skill level 5 in Necromancy
  9438 | D:8      | Reached skill level 5 in Translocations
  9438 | D:8      | Reached skill level 5 in Transmutations
  9438 | D:8      | Reached skill level 5 in Fire Magic
  9438 | D:8      | Reached skill level 5 in Air Magic
  9438 | D:8      | Reached skill level 5 in Earth Magic
  9438 | D:8      | Reached skill level 5 in Poison Magic
 10395 | D:9      | Found a shadowy altar of Dithmenos.
 10452 | D:9      | Found a blossoming altar of Fedhas.
 11258 | D:9      | Identified a scroll of acquirement
 11293 | D:10     | Entered Level 10 of the Dungeon
 11390 | D:10     | Found a staircase to the Orcish Mines.
 11452 | D:10     | Reached skill level 9 in Ice Magic
 11635 | D:10     | Noticed Erolcha
 11646 | D:10     | HP: 2/83 [vampire/vampiric draining (8)]
 11648 | D:10     | Succumbed to a killer bee's poison

Illustrated notes

Levels and vault maps discovered:
D:1:      erik_arrival_cave_to_civilisation [erik_arrival_cave_to_hall],
          layout_basic, cheibriados_altar_1
D:2:      minmay_general_purpose_star, layout_basic, old_standard_altar,
          grunt_ministairs_15
D:3:      layout_basic, lemuel_flame_loot_1
D:4:      layout_cave_pools, temple_statues, led_sif_book, uniq_grinder,
          uniq_duvessa
D:5:      layout_basic, lemuel_round_altar, uniq_menkaure
D:6:      layout_basic, enter_ossuary_4, serial_shops, shop_statue, shop, shop,
          uniq_sigmund
D:7:      layout_basic, hangedman_ru_absence, kennysheep_cross_bottleneck,
          uniq_pikel
D:8:      layout_basic, minivault_29
D:9:      layout_roguey, fedhas_ov_isle_minmay, grunt_dithmenos_smoke
D:10:     layout_cave_pools, dpeg_lair_monsters, hiddenorc1_lemuel, basic_altar,
          serial_column_ruins, column_ruins_open_small,
          column_ruins_open_medium, column_ruins_open_small,
          column_ruins_grid_1, column_ruins_open_tiny, column_ruins_open_small,
          uniq_erolcha
Temple:   eino_narrow_crystal_temple

Skill      XL: |  1  2  3  4  5  6  7  8  9 10 11 |
---------------+----------------------------------+-----
Spellcasting   | 5 6 7 8 |  8.4
Invocations    | 1 2 3 4 5 6 7 |  7.2
Fighting       | 1 2 3 4 5 6 |  6.6
Short Blades   | 1 2 3 4 5 6 |  6.6
Long Blades    | 1 2 3 4 5 6 |  6.6
Axes           | 1 2 3 4 5 6 |  6.6
Maces & Flails | 1 2 3 4 5 6 |  6.6
Polearms       | 1 2 3 4 5 6 |  6.6
Staves         | 1 2 3 4 5 6 |  6.6
Slings         | 1 2 3 4 5 6 |  6.6
Bows           | 1 2 3 4 5 6 |  6.6
Crossbows      | 1 2 3 4 5 6 |  6.6
Throwing       | 1 2 3 4 5 6 |  6.6
Armour         | 1 2 3 4 5 6 |  6.6
Shields        | 1 2 3 4 5 6 |  6.6
Unarmed Combat | 1 2 3 4 5 6 |  6.6
Evocations     | 1 2 3 4 5 6 |  6.6
Conjurations   | 1 2 3 4 5 |  5.4
Hexes          | 1 2 3 4 5 |  5.4
Summonings     | 1 2 3 4 5 |  5.4
Necromancy     | 1 2 3 4 5 |  5.4
Translocations | 1 2 3 4 5 |  5.4
Transmutations | 1 2 3 4 5 |  5.4
Fire Magic     | 1 2 3 4 5 |  5.4
Air Magic      | 1 2 3 4 5 |  5.4
Earth Magic    | 1 2 3 4 5 |  5.4
Poison Magic   | 1 2 3 4 5 |  5.4
Dodging        | 5 6 7 8 |  8.1
Stealth        | 5 6 7 |  7.9
Ice Magic      | 8 9 |  9.1

Action                   |  1- 3 |  4- 6 |  7- 9 | 10-12 || total
-------------------------+-------+-------+-------+-------++-------
Melee: Short sword       |    85 |    95 |     3 |       ||   183
       Bite              |     8 |     9 |    20 |    29 ||    66
       Punch             |       |     1 |       |       ||     1
       Whip              |       |       |   266 |   310 ||   576
 Cast: Freeze            |    10 |       |       |       ||    10
       Frozen Ramparts   |     1 |     9 |    18 |    21 ||    49
       Ozocubu's Armour  |       |     4 |     9 |    16 ||    29
       Summon Ice Beast  |       |       |       |     3 ||     3
  Use: Scroll            |       |       |    17 |     5 ||    22
 Stab: Sleeping          |     6 |     9 |    12 |    12 ||    39
       Distracted        |       |       |     2 |     2 ||     4
       Paralysed         |       |       |     3 |    25 ||    28
Armor: Robe              |    13 |    31 |    34 |    46 ||   124
Dodge: Dodged            |    73 |    80 |   101 |   117 ||   371
Block: Kite shield       |       |       |    72 |   183 ||   255
       Reflection        |       |       |     2 |     4 ||     6
